 Dungeon Crawl Stone Soup version 0.32-a0-540-g866d13106e (webtiles) character file.

Game seed: 11404957914720196978

46 lunkers the Cutter (level 3, 0/27 HPs)
             Began as a Coglin Brigand on Feb 28, 2024.
             Succumbed to an adder's poison
             ... on level 2 of the Dungeon.
             The game lasted 00:01:23 (931 turns).

lunkers the Cutter (Coglin Brigand)                  Turns: 931, Time: 00:01:24

Health: 0/27       AC:  3    Str: 13    XL:     3   Next: 66%
Magic:  3/3        EV: 11    Int: 10    God:
Gold:   54         SH:  0    Dex: 15    Spells: 2/2 levels left

rFire   . . .        a - +2 dagger {Thamphthis}
rCold   . . .        h - +0 dagger {Kendra}
rNeg    . . .        b - +0 robe
rPois   .            (no helmet)
rElec   .            c - +0 cloak
rCorr   .            (no gloves)
SInv    .            (no boots)
Will    .....        (no amulet)
Stlth   ++           (ring unavailable)
HPRegen 0.24/turn    (ring unavailable)
MPRegen 0.08/turn

%: no passive effects
@: lethally poisoned (0 -> 0), revved
A: off-hand wielding, slow wielding, warmup strikes, no rings, wild magic 1, no
potion heal 1
a: no special abilities


You were on level 2 of the Dungeon.
You visited 1 branch of the dungeon, and saw 2 of its levels.

You collected 54 gold pieces.

Inventory:

Hand Weapons
 a - a +2 dagger (weapon) {Thamphthis}
 h - a +0 dagger (offhand) {Kendra}
Missiles
 d - 9 poisoned darts
 e - 3 curare-tipped darts
Armour
 b - a +0 robe (worn)
 c - a +0 cloak (worn)
Scrolls
 k - a scroll of identify {unknown}
Potions
 j - a potion of enlightenment {unknown}


   Skills:
 - Level 2.0 Fighting
 + Level 3.5 Short Blades
 - Level 1.7 Throwing
 - Level 0.8 Dodging
 - Level 3.2 Stealth


You had 2 spell levels left.
You didn't know any spells.
Your spell library contained the following spells:

 Spells                   Type           Power      Damage    Failure   Level
 Call Imp                 Summ           0%         N/A       58%         2
 Sublimation of Blood     Necr           0%         N/A       58%         2
 Summon Hydra             Summ           0%         N/A       100%        7


Dungeon Overview and Level Annotations

Branches:
Dungeon (2/15)

Altars:


Innate Abilities, Weirdness & Mutations

You can wield a second weapon in your off-hand.
It takes a long time for you to wield or remove held weapons.
Your first few attacks do less damage.
Your grasper-arms cannot wear rings.
Your spells are a little harder to cast, but a little more powerful.
Potions are less effective at restoring your health.


Message History

The ribbon worm is almost dead.
You hit the ribbon worm with your +2 dagger.
You kill the ribbon worm!
Unknown command.
You hit the adder with your +2 dagger.
The adder is moderately wounded.
You barely miss the adder with your +0 dagger.
The adder bites you.
* * * LOW HITPOINT WARNING * * *
You are poisoned.
The adder poisons you!
You hit the adder but do no damage.
The adder is moderately wounded.
You hit the adder with your +2 dagger.
You feel sick. The adder bites you.
* * * LOW HITPOINT WARNING * * *
You closely miss the adder with your +2 dagger.
The adder is severely wounded.
You hit the adder with your +0 dagger. The adder bites you.
* * * LOW HITPOINT WARNING * * *
Unknown command.
You completely miss the adder with your +2 dagger.
The adder is almost dead.
You hit the adder with your +0 dagger.
You kill the adder!
* * * LOW HITPOINT WARNING * * *
You feel sick.
It was a potion of might.
You feel very mighty all of a sudden.
* * * LOW HITPOINT WARNING * * *
You feel sick.
It was a potion of cancellation.
Your magical effects are unravelling.
You feel magically purged.
You feel a little less mighty now.
* * * LOW HITPOINT WARNING * * *
You feel sick.
It was a potion of mutation.
You feel extremely strange.
You feel less in control of your magic.
Your system partially rejects the healing effects of potions.
You die...

######## ####......#
#.........# #####
#.()...... #...#
#....♣...# #...#
#....♣♣..# #...#
#..♣♣.♣).# ###
#...####..♣♣♣...#####...#
................@†.......
....####........#........
.#### ##.......#........
.# #########........ .#
+........ .# #......>. .#
#........ .# #........ ##
#........


There were no monsters in sight!

Vanquished Creatures
  An adder (D:2)
  A ribbon worm (D:2)
  6 ball pythons
  3 giant cockroaches (D:1)
  3 hobgoblins (D:1)
  5 jackals (D:1)
  5 bats (D:1)
  3 kobolds
  4 rats (D:1)
31 creatures vanquished.

Notes
Turn   | Place    | Note
-------+----------+-------------------------------------------
     0 | D:1      | lunkers the Coglin Brigand began the quest for the Orb.
     0 | D:1      | Reached XP level 1. HP: 16/16 MP: 1/1
   171 | D:1      | Reached XP level 2. HP: 22/22 MP: 2/2
   473 | D:1      | Reached XP level 3. HP: 23/27 MP: 3/3
   930 | D:2      | HP: 1/27 [poisoned by an adder]
   931 | D:2      | Gained mutation: Your spells are a little harder to cast,
                  | but a little more powerful. [potion of mutation]
   931 | D:2      | Gained mutation: Potions are less effective at restoring
                  | your health. [potion of mutation]
   931 | D:2      | Succumbed to an adder's poison

Illustrated notes

Levels and vault maps discovered:
D:1:      elethiomel_arrival_quiet, layout_basic, minmay_cupped
D:2:      layout_basic, hex_large, chequers_garden, minmay_lizard_pond

Skill      XL: |  1  2 |
---------------+-------+-----
Short Blades   | 2 3 |  3.5
Fighting       | |  2.0
Throwing       | |  1.7
Dodging        | |  0.8
Stealth        | |  3.2

Action                     || total
---------------------------++-------
  Melee: Dagger            ||   127
    Use: Potion            ||     3
   Stab: Sleeping          ||     5
 Armour: Robe              ||    54
  Dodge: Dodged            ||    37

Table legend: (Time is in decaauts)
 A = Elapsed time spent in this place.
 B = Non-inter-level travel time spent in this place.
 C = Inter-level travel time spent in this place.
 D = Time resting spent in this place.
 E = Time spent auto-exploring this place.
 F = Levels seen in this place.
 G = Mean time per level.
                   A        B        C        D        E       F      G
               +--------+--------+--------+--------+--------+-----+--------+
         Total |    919 |    890 |     29 |      0 |    689 |   2 |  459.5 |
       Dungeon |    919 |    890 |     29 |      0 |    689 |   2 |  459.5 |
               +--------+--------+--------+--------+--------+-----+--------+

Top non-repeatable levels by time:
     D:1: 797 daAuts
     D:2: 121 daAuts
